 Dungeon Crawl Stone Soup version 0.21.1-1-g345015f (webtiles) character file.

814 SedStubbie the Skirmisher (level 7, 0/50 HPs)
             Began as a Gnoll Wanderer on July 12, 2018.
             Was an Initiate of Hepliaklqana.
             Slain by a gnoll sergeant
             ... wielding a +1 spear of venom
              (4 damage)
             ... on level 5 of the Dungeon on July 19, 2018.
             The game lasted 00:21:37 (6275 turns).

SedStubbie the Skirmisher (Gnoll Wanderer)          Turns: 6275, Time: 00:21:39

Health: 0/50       AC:  4    Str: 14    XL:     7   Next: 93%
Magic:  13/13      EV: 13    Int: 15    God:    Hepliaklqana [......]
Gold:   241        SH:  0    Dex: 16    Spells: 11/14 levels left

rFire    . . .     SeeInvis .   t - +2 short sword (venom)
rCold    . . .     Gourm    .   (no shield)
rNeg     . . .     Faith    .   e - +1 robe
rPois    .         Spirit   .   (no helmet)
rElec    .         Reflect  .   (no cloak)
rCorr    +         Harm     .   x - +0 pair of gloves
MR       .....                  (no boots)
Stlth    +++.......             (no amulet)
HPRegen  0.16/turn              p - ring of resist corrosion
MPRegen  0.13/turn              (no ring)

@: lethally poisoned (0 -> -22)
A: distributed training, reduced essence, fangs 1, strong nose
a: Recall Ancestor, Ancestor Identity, Renounce Religion


You were on level 5 of the Dungeon.
You worshipped Hepliaklqana.
Hepliaklqana was noncommittal.
You were not hungry.

You visited 1 branch of the dungeon, and saw 5 of its levels.

You collected 241 gold pieces.

Inventory:

Hand Weapons
 a - a +2 dagger
 b - a +0 hunting sling {b}
 t - a +2 short sword of venom (weapon)
Missiles
 i - 121 stones (quivered)
 v - 3 tomahawks
 w - a throwing net
Armour
 e - a +1 robe (worn)
 x - a +0 pair of gloves (worn)
Jewellery
 p - a ring of resist corrosion (left hand)
 u - an uncursed ring of fire
Scrolls
 h - 2 scrolls of blinking
 j - 3 scrolls of teleportation
 q - 2 scrolls of identify
 r - a scroll of fear
 s - 3 scrolls of remove curse
 y - a scroll of magic mapping
Potions
 d - 4 potions of curing
 k - a potion of lignification
 l - a potion of agility {unknown}
 m - a potion of magic {unknown}
 o - a potion of might {unknown}
 z - a potion of brilliance
Books
 c - the Almanac of the Entourage

   Spells                             Type                      Level
   a - Summon Butterflies             Summoning                    1
   b - Call Canine Familiar           Summoning                    3
Comestibles
 f - 7 rations
 g - a chunk of flesh


   Skills:
 + Level 5.4 Fighting
 + Level 2.7 Short Blades
 + Level 2.7 Long Blades
 + Level 2.7 Axes
 + Level 2.7 Maces & Flails
 + Level 2.7 Polearms
 + Level 2.7 Staves
 + Level 2.7 Slings
 + Level 2.7 Bows
 + Level 2.7 Crossbows
 + Level 3.8 Throwing
 + Level 2.7 Armour
 + Level 2.7 Dodging
 + Level 3.6 Stealth
 + Level 3.8 Shields
 + Level 2.7 Unarmed Combat
 + Level 4.0 Spellcasting
 + Level 2.2 Conjurations
 + Level 2.2 Hexes
 + Level 4.4 Charms
 + Level 4.4 Summonings
 + Level 2.2 Necromancy
 + Level 2.2 Translocations
 + Level 2.2 Transmutations
 + Level 2.2 Fire Magic
 + Level 2.2 Ice Magic
 + Level 2.2 Air Magic
 + Level 2.2 Earth Magic
 + Level 2.2 Poison Magic
 + Level 3.0 Invocations
 + Level 2.7 Evocations


You had 11 spell levels left.
You knew the following spells:

 Your Spells              Type           Power        Failure   Level  Hunger
a - Call Canine Familiar  Summ           ###.....     9%          3    ###....


Dungeon Overview and Level Annotations

Branches:
Dungeon (5/15)
 Temple: D:4-7

Altars:
Cheibriados
Elyvilon
Hepliaklqana
Nemelex Xobeh
Uskayaw
Xom
Zin


Innate Abilities, Weirdness & Mutations

Your experience applies equally to all skills.
You have very sharp teeth.
Your uncanny sense of smell can sniff out nearby items.
Your life essence is reduced to manifest your ancestor. (-10% HP)


Message History

You feel sick. The gnoll barely misses you.
The gnoll sergeant hits you with a spear of venom!
* * * LOW HITPOINT WARNING * * *
You are lethally poisoned!
The gnoll closely misses you.
You hit the gnoll sergeant but do no damage.
The gnoll sergeant is almost dead.
* * * LOW HITPOINT WARNING * * *
You feel sick. The gnoll hits you.
* * * LOW HITPOINT WARNING * * *
The gnoll sergeant closely misses you. The gnoll completely misses you.
The gnoll misses you.
You hit the gnoll sergeant but do no damage.
The gnoll sergeant looks as sick as possible!
Your bite misses the gnoll sergeant.
The gnoll sergeant is almost dead.
* * * LOW HITPOINT WARNING * * *
You feel sick. The gnoll misses you.
The gnoll sergeant hits you with a spear of venom.
You die...

#./.. ###.... #......
#.#.... ## ?.... ## ##.
#..g##+##.# ###..
#..g......# #.^..
####..g@.....#######.#..
##....g(..$..#.......#.#
.8.####......#.........#
. #......#.........#
#......#รท.......##
#......#.........#
######.#......##.#
#.#......<..#
#........####


You could see a gnoll sergeant and 3 gnolls.

Vanquished Creatures
  A phantom (D:4)
  2 crimson imps (D:3)
  A hound (D:4)
  3 orc priests
  4 orc wizards (D:4)
  Jessica (D:2)
  2 worker ants
  A gnoll (D:5)
  6 adders
  An ooze (D:1)
  An adder skeleton (D:4)
  A worm (D:2)
  2 dart slugs
  5 leopard geckos
  11 orcs
  2 ball pythons (D:1)
  4 giant cockroaches
  6 hobgoblins
  9 jackals
  9 kobolds
  2 quokkas (D:5)
  4 bats
  5 frilled lizards
  A goblin (D:1)
  5 rats
89 creatures vanquished.

Vanquished Creatures (collateral kills)
  A scorpion (D:5)
  2 crimson imps (D:3)
  The ghost of Bnni the Gusty, a weakling TeAE (D:3)
  A centaur skeleton (D:5)
  An orc priest (D:4)
  An ooze (D:4)
  12 orcs
  2 jackals (D:4)
  A bat (D:3)
  A quokka skeleton (D:4)
23 creatures vanquished.

Vanquished Creatures (others)
  An ancestor (D:5)
1 creature vanquished.

Grand Total: 113 creatures vanquished

Notes
Turn   | Place    | Note
-------+----------+-------------------------------------------
     0 | D:1      | SedStubbie the Gnoll Wanderer began the quest for the Orb.
     0 | D:1      | SedStubbie set off with: a +2 dagger, a scroll of blinking, the Almanac of the Entourage, a potion of curing, a +0 robe, a ration
     0 | D:1      | Reached XP level 1. HP: 20/20 MP: 4/4
   203 | D:1      | Reached XP level 2. HP: 26/26 MP: 5/5
   730 | D:1      | Reached XP level 3. HP: 31/31 MP: 7/7
  1565 | D:2      | Noticed Jessica
  1572 | D:2      | Killed Jessica
  1572 | D:2      | Reached skill level 1 in Short Blades
  1572 | D:2      | Reached skill level 1 in Long Blades
  1572 | D:2      | Reached skill level 1 in Axes
  1572 | D:2      | Reached skill level 1 in Maces & Flails
  1572 | D:2      | Reached skill level 1 in Polearms
  1572 | D:2      | Reached skill level 1 in Staves
  1572 | D:2      | Reached skill level 1 in Slings
  1572 | D:2      | Reached skill level 1 in Bows
  1572 | D:2      | Reached skill level 1 in Crossbows
  1572 | D:2      | Reached skill level 1 in Armour
  1572 | D:2      | Reached skill level 1 in Dodging
  1572 | D:2      | Reached skill level 1 in Unarmed Combat
  1572 | D:2      | Reached skill level 1 in Invocations
  1572 | D:2      | Reached skill level 1 in Evocations
  1572 | D:2      | Reached XP level 4. HP: 38/38 MP: 8/8
  1717 | D:2      | Found a snail-covered altar of Cheibriados.
  2163 | D:2      | Reached skill level 1 in Conjurations
  2163 | D:2      | Reached skill level 1 in Hexes
  2163 | D:2      | Reached skill level 1 in Necromancy
  2163 | D:2      | Reached skill level 1 in Translocations
  2163 | D:2      | Reached skill level 1 in Transmutations
  2163 | D:2      | Reached skill level 1 in Fire Magic
  2163 | D:2      | Reached skill level 1 in Ice Magic
  2163 | D:2      | Reached skill level 1 in Air Magic
  2163 | D:2      | Reached skill level 1 in Earth Magic
  2163 | D:2      | Reached skill level 1 in Poison Magic
  2703 | D:3      | Noticed Bnni's ghost (weakling TeAE)
  2883 | D:2      | Identified the Almanac of the Entourage
  2887 | D:2      | Learned a level 3 spell: Call Canine Familiar
  2955 | D:3      | Killed Bnni's ghost
  2955 | D:3      | Reached XP level 5. HP: 23/43 MP: 3/9
  3168 | D:3      | Found a shimmering altar of Xom.
  3434 | D:3      | Reached XP level 6. HP: 26/50 MP: 10/10
  4475 | D:4      | HP: 2/50 [jackal (1)]
  4887 | D:4      | Reached skill level 5 in Fighting
  5003 | D:4      | Found a hazy altar of Hepliaklqana.
  5008 | D:4      | Became a worshipper of Hepliaklqana the Forgotten
  5203 | D:4      | Noticed a phantom
  5235 | D:4      | Killed a phantom
  5235 | D:4      | Reached XP level 7. HP: 29/50 MP: 12/12
  5498 | D:4      | Found a sparkling altar of Nemelex Xobeh.
  5707 | D:5      | Entered Level 5 of the Dungeon
  6131 | D:5      | Found a hide-covered altar of Uskayaw.
  6131 | D:5      | Found a glowing silver altar of Zin.
  6134 | D:5      | Found a white marble altar of Elyvilon.
  6275 | D:5      | Slain by a gnoll sergeant

Skill      XL: |  1  2  3  4  5  6  7 |
---------------+----------------------+-----
Short Blades   | 1 2 |  2.7
Long Blades    | 1 2 |  2.7
Axes           | 1 2 |  2.7
Maces & Flails | 1 2 |  2.7
Polearms       | 1 2 |  2.7
Staves         | 1 2 |  2.7
Slings         | 1 2 |  2.7
Bows           | 1 2 |  2.7
Crossbows      | 1 2 |  2.7
Armour         | 1 2 |  2.7
Dodging        | 1 2 |  2.7
Unarmed Combat | 1 2 |  2.7
Invocations    | 1 2 3 |  3.0
Evocations     | 1 2 |  2.7
Spellcasting   | 3 4 |  4.0
Conjurations   | 1 2 |  2.2
Hexes          | 1 2 |  2.2
Necromancy     | 1 2 |  2.2
Translocations | 1 2 |  2.2
Transmutations | 1 2 |  2.2
Fire Magic     | 1 2 |  2.2
Ice Magic      | 1 2 |  2.2
Air Magic      | 1 2 |  2.2
Earth Magic    | 1 2 |  2.2
Poison Magic   | 1 2 |  2.2
Throwing       | 3 |  3.8
Shields        | 3 |  3.8
Charms         | 4 |  4.4
Summonings     | 4 |  4.4
Stealth        | 3 |  3.6
Fighting       | 5 |  5.4

Action                   |  1- 3 |  4- 6 |  7- 9 || total
-------------------------+-------+-------+-------++-------
Melee: Dagger            |    89 |   248 |    24 ||   361
       Bite              |     9 |    17 |     7 ||    33
       Punch             |       |     2 |     2 ||     4
       Short sword       |       |       |    86 ||    86
 Fire: Hunting sling     |       |    25 |       ||    25
 Cast: Call Canine Famil |       |    12 |       ||    12
  Use: Scroll            |     6 |       |     4 ||    10
 Stab: Sleeping          |     5 |     2 |     5 ||    12
       Distracted        |       |     2 |       ||     2
  Eat: Chunk             |     1 |     7 |     4 ||    12
       Ration            |       |     2 |       ||     2
Armor: Robe              |    23 |    60 |    18 ||   101
Dodge: Dodged            |    65 |   139 |    58 ||   262
